 Dungeon Crawl Stone Soup version 0.22.1-1-ga44c0e56f4 (webtiles) character file.

43 Kniotic the Magician (level 3, 0/24 HPs)
             Began as a Demonspawn Wanderer on Oct 23, 2018.
             Succumbed to an adder's poison
             ... on level 1 of the Dungeon.
             The game lasted 00:04:16 (2442 turns).

Kniotic the Magician (Demonspawn Wanderer)          Turns: 2442, Time: 00:04:16

Health: 0/24       AC:  5    Str: 16    XL:     3   Next: 37%
Magic:  8/8        EV: 11    Int: 12    God:
Gold:   141        SH:  4    Dex: 10    Spells: 10/10 levels left

rFire    + + .     SeeInvis .     - Unarmed
rCold    x . .     Gourm    .   (no shield)
rNeg     . . .     Faith    .   m - +1 robe {rF+}
rPois    .         Spirit   .   c - +0 helmet
rElec    .         Reflect  +   (no cloak)
rCorr    .         Harm     .   (no gloves)
MR       .....                  (no boots)
Stlth    +.........             o - +4 amulet of reflection
HPRegen  0.08/turn              d - ring of fire
MPRegen  0.11/turn              (no ring)

@: lethally poisoned (0 -> -2)
A: hooves 1, rugged brown scales 1
a: no special abilities


You were on level 1 of the Dungeon.
You were not hungry.

You visited 1 branch of the dungeon, and saw 2 of its levels.

You collected 141 gold pieces.

Inventory:

Armour
 c - a +0 helmet (worn)
 m - a +1 robe of fire resistance (worn)
Jewellery
 d - a ring of fire (left hand)
 o - a +4 amulet of reflection (around neck)
Scrolls
 b - a scroll of remove curse {unknown}
 h - a scroll of enchant armour {unknown}
 p - a scroll of random uselessness {unknown}
Potions
 i - a potion of haste
Comestibles
 g - 4 rations
 l - a chunk of flesh


   Skills:
 - Level 1.7 Stealth
 + Level 2.8 Unarmed Combat
 - Level 4.0 Spellcasting
   Level 1.0 Hexes
   Level 1.7 Air Magic
   Level 1.0 Poison Magic


You had 10 spell levels left.
You didn't know any spells.
Your spell library contained the following spells:

 Spells                   Type           Power        Failure   Level  Hunger
 Poisonous Vapours        Pois/Air       #.....       19%         2    ##.....
 Magic Dart               Conj           #...         22%         1    #......
 Sandblast                Erth           #.....       22%         1    #......
 Slow                     Hex            #.......     22%         2    ##.....
 Swiftness                Chrm/Air       #.......     24%         2    ##.....
 Blink                    Tloc           N/A          32%         2    ##.....
 Call Imp                 Summ           #.......     32%         2    ##.....
 Mephitic Cloud           Conj/Pois/Air  #.......     41%         3    ###....
 Conjure Flame            Conj/Fire      #.......     54%         3    ###....
 Stone Arrow              Conj/Erth      #.....       54%         3    ###....


Dungeon Overview and Level Annotations

Branches:
Dungeon (2/15)

Altars:


Innate Abilities, Weirdness & Mutations

You have large cloven feet.
You are partially covered in rugged brown scales. (AC +1, +3% HP)


Message History

* * * LOW HITPOINT WARNING * * *
It was a potion of haste.
You feel yourself speed up. The adder closely misses you.
It was a potion of agility.
You feel agile all of a sudden.
* * * LOW HITPOINT WARNING * * *
You feel sick.
It was a potion of might.
You feel very mighty all of a sudden. The adder closely misses you.
You barely miss the adder. You kick the adder.
You kill the adder!
It was a potion of cancellation.
Your magical effects are unravelling.
You feel magically purged.
You feel yourself slow down.
You feel a little less mighty now.
You feel a little less agile now.
* * * LOW HITPOINT WARNING * * *
You feel sick.
You die...

#.....#.##########....#...##
#####>......................
###.###############.##.##.
#..........# #.##.##.
#..........########....###
#..........#.............#
#..........#.............#
#..........#.....).......#
#........@.#.............#
########..........#..)..........#
......#######..............######
......# #......#########
......#######......#
......+.#..........#
......#.#.####.....# ......#.#.#
#.....# #####.#.#.####.....#


There were no monsters in sight!

Vanquished Creatures
  An adder (D:1)
  A dart slug (D:1)
  2 leopard geckos
  4 bats
  A giant cockroach (D:2)
  6 goblins
  3 hobgoblins
  3 jackals (D:2)
  2 kobolds (D:1)
  2 rats
25 creatures vanquished.

Notes
Turn   | Place    | Note
-------+----------+-------------------------------------------
     0 | D:1      | Kniotic the Demonspawn Wanderer began the quest for the
                  | Orb.
     0 | D:1      | Kniotic set off with: a +0 robe, a +0 club, a +0 dagger, a
                  | ration
     0 | D:1      | Reached XP level 1. HP: 13/13 MP: 5/5
   253 | D:1      | Reached skill level 1 in Unarmed Combat
   579 | D:1      | Gained mutation: You have large cloven feet. [demonic
                  | ancestry]
   579 | D:1      | Reached XP level 2. HP: 8/19 MP: 7/7
  2196 | D:2      | Gained mutation: You are partially covered in rugged brown
                  | scales. (AC +1, +3% HP) [demonic ancestry]
  2196 | D:2      | Reached XP level 3. HP: 19/24 MP: 8/8
  2438 | D:1      | HP: 1/24 [poisoned by an adder]
  2442 | D:1      | Succumbed to an adder's poison

Skill      XL: |  1  2 |
---------------+-------+-----
Unarmed Combat | 1 2 |  2.8
Stealth        | |  1.7
Spellcasting   | |  4.0
Hexes          | |  1.0
Air Magic      | |  1.7
Poison Magic   | |  1.0

Action                   || total
-------------------------++-------
Melee: Club              ||    99
       Kick              ||    15
       Unarmed           ||    12
  Use: Scroll            ||     3
       Potion            ||     4
 Stab: Sleeping          ||     3
  Eat: Chunk             ||     5
Armor: Robe              ||    41
Dodge: Dodged            ||    68
Block: Other             ||     3
